 Dungeon Sprint DCSS version bcrawl-1.19.1 (webtiles) character file.

Game seed: 7089026404916122791

700 Freyura the Protected (level 7, -15/69 HPs)
             Began as a Hill Orc Fighter on Nov 29, 2019.
             Was an Elder of Beogh.
             Killed from afar by a deep elf mage (22 damage)
             ... with a bolt of lightning
             ... in the Dungeon (Sprint V: "Ziggurat Sprint").
             The game lasted 00:04:58 (342 turns).

Freyura the Protected (Hill Orc Fighter)             Turns: 342, Time: 00:04:58

Health: -15/69     AC: 22    Str: 19    XL:     7   Next: 65%
Magic:  14/14      EV:  6    Int:  8    God:    Beogh [****..]
Gold:   0          SH:  0    Dex: 24    Spells: 6/6 levels left

rFire    + . .     SeeInvis .   b - +5 executioner's axe
rCold    + . .     Gourm    .   (shield currently unavailable)
rNeg     . . .     Faith    .   a - +5 gold dragon scales
rPois    +         Spirit   .   (no helmet)
rElec    .         Reflect  .   (no cloak)
rCorr    .         Harm     .   (no gloves)
MR       .....     NoTele   +   (no boots)
Stlth    ..........             (no amulet)
HPRegen  0.21/turn              w - +6 ring of dexterity
MPRegen  0.14/turn              x - +6 ring of dexterity

@: no status effects
A: no striking features
a: Smiting, Recall Orcish Followers, Renounce Religion


You were in the Dungeon.
You worshipped Beogh.
Beogh was greatly pleased with you.
You were not hungry.

You visited 1 branch

Inventory:

Hand Weapons
 b - a +5 executioner's axe (weapon)
 c - the +3 whip of Purpose {slash, +Blink rPois SInv}
   (You found it in the Dungeon)

   It inflicts extra damage upon your enemies.
   It protects you from poison.
   It lets you see invisible.
   It lets you blink.
Armour
 a - +5 gold dragon scales (worn)
Jewellery
 w - a +6 ring of dexterity (left hand)
 x - a +6 ring of dexterity (right hand)
Wands
 C - a wand of disintegration (7)
 D - a wand of iceblast (7)
 E - a wand of acid (7)
Scrolls
 k - 4 scrolls of blinking
 q - 4 scrolls of amnesia
 r - 7 scrolls of fog
 s - 5 scrolls of identify
 t - 5 scrolls of remove curse
 u - 2 scrolls of fear
Potions
 d - 6 potions of might
 e - 10 potions of curing
 g - 13 potions of heal wounds
 h - 6 potions of haste
 i - 7 potions of magic
 j - 3 potions of berserk rage
 l - 2 potions of brilliance
 m - 2 potions of invisibility
 n - 4 potions of resistance
 p - 5 potions of agility
Miscellaneous
 o - a lamp of fire
 v - a lightning rod (4/4)
 y - a phial of floods
Comestibles
 f - 7 rations {!d}


   Skills:
 + Level 8.7 Fighting
   Level 8.7 Short Blades
   Level 8.7 Long Blades
   Level 8.7 Axes
   Level 8.7 Maces & Flails
   Level 8.7 Polearms
   Level 8.7 Staves
 + Level 10.4 Armour
 + Level 6.0 Dodging
   Level 3.2 Shields
   Level 8.7 Unarmed Combat
 + Level 9.5 Invocations


You had 6 spell levels left.
You didn't know any spells.
Your spell library was empty.

Dungeon Overview and Level Annotations

Branches:
Dungeon (1/1)

Altars:
Ashenzari
Cheibriados
Dithmenos
Elyvilon
Fedhas
Gozag
Hepliaklqana
Kikubaaqudgha
Lugonu
Makhleb
Nemelex Xobeh
Okawaru
Qazlal
Ru
Sif Muna
Trog
Uskayaw
Vehumet
Wu Jian
Xom
Yredelemnul
Zin
The Shining One
Beogh
Jiyva

Annotations:
D 1 transporter


Message History

The deep elf mage hits you but does no damage.
You are too injured to fight recklessly!
You are too injured to fight recklessly!
You are too injured to fight recklessly!
You are too injured to fight recklessly!
You are too injured to fight recklessly!
You are too injured to fight recklessly!
You feel much better.
The +1 trident of flaming hits you but does no damage.
The fire elemental hits you. The fire elemental burns you! You resist.
* * * LOW HITPOINT WARNING * * *
The +0 scimitar of electrocution hits you.
* * * LOW HITPOINT WARNING * * *
The deep elf mage hits you but does no damage.
The ice beast hits you but does no damage.
The +2 glaive of freezing hits you from afar!
* * * LOW HITPOINT WARNING * * *
The deep elf mage points at you and mumbles some strange words.
The bolt of lightning hits you!
You die...

▓...©....▓...©....▓
▓▓▓▓▓▓▓▓▓▓▓▓▓▓▓▓▓▓▓
▓..8©8..▓ ▓..=:=..▓
▓..).)..▓ ▓.......▓
▓...((○.▓ ▓..Y(E..▓
▓..e@...▓ ▓....e..▓
▓...©...▓ ▓▓▓▓▓▓▓▓▓


You could see 2 deep elf magi, a fire elemental, an ice beast and 3 dancing
weapons.

Vanquished Creatures
  2 nagas (D)
  A water moccasin (D)
  2 floating eyes (D)
  A quasit (D)
  A jelly (D)
  2 iron imps (D)
  An orc wizard (D)
  An adder (D)
  An ufetubus (D)
  An orc (D)
  4 ball pythons (D)
17 creatures vanquished.

Vanquished Creatures (others)
  A spatial maelstrom (D)
1 creature vanquished.

Grand Total: 18 creatures vanquished

Notes
Turn   | Place    | Note
-------+----------+-------------------------------------------
     0 | D        | Freyura the Hill Orc Fighter began the quest for the Orb.
     0 | D        | Reached XP level 1. HP: 20/20 MP: 1/1
     3 | D        | Banished a spatial maelstrom
     4 | D        | Found a shimmering blue altar of Sif Muna.
     4 | D        | Found a bloodstained altar of Trog.
     4 | D        | Found a sacrificial altar of Ru.
     4 | D        | Found a stormy altar of Qazlal.
     4 | D        | Found an iron altar of Okawaru.
     5 | D        | Found a sparkling altar of Nemelex Xobeh.
     5 | D        | Found a blossoming altar of Fedhas.
     6 | D        | Found the +6 Majin-Bo {vamp, *Drain Str+12 Int+24}
     6 | D        | Found the +7 great mace "Firestarter" {inner flame, rF++}
     7 | D        | Found a transporter.
     7 | D        | Found an ancient bone altar of Kikubaaqudgha.
     7 | D        | Found a viscous altar of Jiyva.
     7 | D        | Found a corrupted altar of Lugonu.
     7 | D        | Found a hazy altar of Hepliaklqana.
     7 | D        | Found a burning altar of Makhleb.
     7 | D        | Found an opulent altar of Gozag.
    73 | D        | Became a worshipper of Beogh the Brigand
    74 | D        | Reached skill level 6 in Armour
    74 | D        | Reached XP level 2. HP: 30/30 MP: 2/2
    84 | D        | Entered arena 2.
    84 | D        | Found a transporter.
    88 | D        | Reached skill level 7 in Armour
    88 | D        | Reached skill level 1 in Dodging
    88 | D        | Reached XP level 3. HP: 37/37 MP: 2/4
    94 | D        | Entered arena 3.
    94 | D        | Noticed a naga
    94 | D        | Found a transporter.
    98 | D        | Reached * piety under Beogh
   106 | D        | Killed a naga
   106 | D        | Reached skill level 8 in Armour
   106 | D        | Reached skill level 5 in Invocations
   106 | D        | Reached XP level 4. HP: 25/47 MP: 4/8
   106 | D        | Reached XP level 5. HP: 27/52 MP: 4/9
   233 | D        | Entered arena 4.
   233 | D        | Found a transporter.
   236 | D        | Reached ** piety under Beogh
   239 | D        | Reached XP level 6. HP: 52/60 MP: 10/10
   262 | D        | Entered arena 5.
   262 | D        | Noticed a golden eye
   262 | D        | Noticed a floating eye
   262 | D        | Noticed a floating eye
   262 | D        | Found a transporter.
   263 | D        | Paralysed by a floating eye for 4 turns
   269 | D        | Killed a floating eye
   269 | D        | Reached *** piety under Beogh
   269 | D        | Reached skill level 9 in Armour
   271 | D        | Killed a floating eye
   271 | D        | Reached skill level 5 in Dodging
   271 | D        | Reached XP level 7. HP: 64/68 MP: 10/13
   310 | D        | Got the +3 whip of Purpose {slash, +Blink rPois SInv}
   319 | D        | Entered arena 6.
   319 | D        | Noticed a naga
   319 | D        | Found a transporter.
   323 | D        | Reached **** piety under Beogh
   325 | D        | Reached skill level 10 in Armour
   326 | D        | Killed a naga
   337 | D        | Entered arena 7.
   337 | D        | Noticed a +1 trident of flaming
   337 | D        | Noticed a deep elf mage
   337 | D        | Noticed a fire elemental
   337 | D        | Noticed a +0 scimitar of electrocution
   337 | D        | Noticed a deep elf mage
   337 | D        | Noticed a +2 glaive of freezing
   338 | D        | Found a transporter.
   341 | D        | HP: 2/69 [deep elf mage/bolt of lightning (20)]
   342 | D        | Killed from afar by a deep elf mage

Skill      XL: |  1  2  3  4  5  6  7 |
---------------+----------------------+-----
Fighting       | 6 7 8 |  8.7
Armour         | 6 7 8 9 10 | 10.4
Dodging        | 1 3 4 5 6 |  6.0
Invocations    | 2 5 6 8 9 |  9.5
Short Blades   | |  8.7
Long Blades    | |  8.7
Axes           | |  8.7
Maces & Flails | |  8.7
Polearms       | |  8.7
Staves         | |  8.7
Shields        | |  3.2
Unarmed Combat | |  8.7

Action                   |  1- 3 |  4- 6 |  7- 9 || total
-------------------------+-------+-------+-------++-------
Melee: Executioner's axe |    12 |     7 |    10 ||    29
  Use: Potion            |     1 |       |     1 ||     2
Armor: Gold dragon scale |    19 |    15 |    35 ||    69
Dodge: Dodged            |     2 |     3 |     8 ||    13
